 Dungeon Crawl Stone Soup version 0.27.0-1-g7a089689b8 (webtiles) character file.

Game seed: 15618910756511772831

195 gimp the Ducker (level 5, -7/32 HPs)
             Began as a Tengu Warper on Aug 11, 2021.
             Mangled by Blork the orc (9 damage)
             ... on level 3 of the Dungeon.
             The game lasted 00:06:21 (4391 turns).

gimp the Ducker (Tengu Warper)                      Turns: 4391, Time: 00:06:22

Health: -7/32      AC:  5    Str: 12    XL:     5   Next: 74%
Magic:  9/9        EV: 13    Int: 14    God:
Gold:   148        SH:  5    Dex: 13    Spells: 7/8 levels left

rFire    . . .     SeeInvis .   b - +2 whip (venom)
rCold    . . .     Faith    .   n - +1 buckler
rNeg     . . .     Spirit   .   e - +0 ring mail
rPois    .         Reflect  .   (helmet restricted)
rElec    .         Harm     .   (no cloak)
rCorr    .         Rampage  .   (no gloves)
Will     .....                  (boots unavailable)
Stlth    +.........             (no amulet)
HPRegen  0.10/turn              (no ring)
MPRegen  0.11/turn              (no ring)

@: about to teleport, flying quickly and evasively, quick
A: beak, talons 3, nimble flight
a: no special abilities


You were on level 3 of the Dungeon.
You visited 1 branch of the dungeon, and saw 4 of its levels.

You collected 148 gold pieces.

Inventory:

Hand Weapons
 a - a +0 short sword
 b - a +2 whip of venom (weapon)
Missiles
 d - 2 boomerangs of dispersal
 k - 2 throwing nets (quivered)
Armour
 e - a +0 ring mail (worn)
 h - a +0 leather armour
 n - a +1 buckler (worn)
Scrolls
 g - a scroll of amnesia {unknown}
 i - 2 scrolls of identify
 j - a scroll of noise {unknown}
 l - 2 scrolls of vulnerability
Potions
 p - a potion of brilliance


   Skills:
 - Level 3.0 Fighting
 * Level 3.9 Short Blades
 - Level 1.0 Throwing
 - Level 1.1 Armour
 * Level 4.0 Dodging
 * Level 1.6 Shields
 - Level 2.0 Spellcasting
 + Level 1.2 Conjurations
 - Level 2.4 Translocations


You had 7 spell levels left.
You knew the following spells:

 Your Spells              Type           Power      Damage    Failure   Level
a - Magic Dart            Conj           16%        1d3       41%         1

Your spell library contained the following spells:

 Spells                   Type           Power      Damage    Failure   Level
 Blink                    Tloc           N/A        N/A       38%         2
 Animate Skeleton         Necr           2%         N/A       58%         1
 Pain                     Necr           4%         1d4       58%         1
 Gell's Gravitas          Tloc           4%         N/A       63%         3
 Lesser Beckoning         Tloc           4%         N/A       63%         3
 Teleport Other           Tloc           8%         N/A       63%         3
 Call Imp                 Summ           1%         N/A       73%         2
 Mephitic Cloud           Conj/Pois/Air  2%         N/A       88%         3
 Vampiric Draining        Necr           0%         2d6       91%         3
 Manifold Assault         Tloc           8%         N/A       100%        5


Dungeon Overview and Level Annotations

Branches:
Dungeon (4/15)
 Temple: D:4-7

Altars:

Annotations:
D:3 Blork the orc
D:4 Dowan, Duvessa


Innate Abilities, Weirdness & Mutations

You have a beak for a mouth.
You have claws for feet.
Your magical nature lets you fly swiftly and evasively.


Message History

The puff of flame hits you.
You take 6 damage, and have 13/32 hp.
You are too injured to fight recklessly!
You barely miss Blork the orc. Your kick misses Blork the orc.
Blork the orc is moderately wounded.
Blork the orc hits you with a +0 dire flail.
* * * LOW HITPOINT WARNING * * *
You take 6 damage, and have 7/32 hp.
You hit Blork the orc. Your kick misses Blork the orc.
Blork the orc is heavily wounded.
Blork the orc casts a spell.
Blork the orc seems to speed up.
Blork the orc points at you and mumbles some strange words.
The magic dart hits you!
* * * LOW HITPOINT WARNING * * *
You take 6 damage, and have 1/32 hp.
You aren't carrying any items that you can evoke.
Unknown command.
Press: ? - help, v - describe, . - travel
Here: Blork the orc, wielding a +0 dire flail and wearing a +2 robe (heavily wounded, fast)
The floor, spattered with blood.
Okay, then.
Blink to where?
Press: ? - help, Dir - move target
As you read the scroll of blinking, it crumbles to dust.
Okay, then.
Unknown command.
As you read the scroll labelled WYROCO YRAKK, it crumbles to dust.
You speak a Word of immense power!
It was a scroll of holy word.
As you read the scroll labelled MEUTYCKAOHU, it crumbles to dust.
The scroll dissolves into smoke.
It was a scroll of fog.
As you read the scroll labelled RAUTAADECU, it crumbles to dust.
It is a scroll of enchant armour.
Your +0 buckler glows green for a moment.
Blork the orc barely misses you.
As you read the scroll labelled JASCHU BELIE, it crumbles to dust.
You feel strangely unstable.
It was a scroll of teleportation.
Blork the orc barely misses you.
Blork the orc hits you with a +0 dire flail!
You die...

#.......# #(......####
### #§......##.# ###.#
####..........# #...#
.......o..>.### #.#.#
####.....)..# #.#.#
#........# #.#.#
####......§######§#.####
#..........§§§§o@§§....#
#.###.#.#########§.....#
..###...# #####§§.####
#.##...######.......#
.....#.##.....####..#
#.#..#....##### #..#
#.#..#..### #..#
.......## #..## ..##...#
#...#


You could see Blork the orc (fast).

Vanquished Creatures
  A scorpion (D:3)
  A howler monkey (D:3)
  4 adders
  A worm (D:3)
  2 dart slugs (D:1)
  An orc (D:3)
  7 endoplasms
  4 goblins
  3 hobgoblins
  3 jackals (D:3)
  2 quokkas (D:2)
  3 ball pythons
  7 bats
  6 frilled lizards
  9 kobolds
  3 rats
57 creatures vanquished.

Notes
Turn   | Place    | Note
-------+----------+-------------------------------------------
     0 | D:1      | gimp the Tengu Warper began the quest for the Orb.
     0 | D:1      | Reached XP level 1. HP: 12/12 MP: 4/4
   463 | D:1      | Reached XP level 2. HP: 17/17 MP: 6/6
  1539 | D:2      | Reached XP level 3. HP: 22/22 MP: 7/7
  1705 | D:2      | Reached skill level 3 in Dodging
  2292 | D:2      | Reached XP level 4. HP: 19/27 MP: 8/8
  3160 | D:3      | Learned a level 1 spell: Magic Dart
  3337 | D:3      | Noticed a scorpion
  3346 | D:3      | Killed a scorpion
  3347 | D:3      | Reached skill level 1 in Shields
  3347 | D:3      | Reached skill level 1 in Conjurations
  3347 | D:3      | Gained mutation: Your magical nature lets you fly swiftly
                  | and evasively. [Tengu growth]
  3347 | D:3      | Reached XP level 5. HP: 16/32 MP: 9/9
  3766 | D:4      | Noticed Dowan
  3770 | D:4      | Noticed Duvessa
  3997 | D:4      | Noticed a centaur
  3997 | D:4      | Noticed Blork the orc
  4009 | D:3      | Reached skill level 4 in Dodging
  4381 | D:3      | HP: 1/32 [Blork the orc/magic dart (7)]
  4391 | D:3      | Mangled by Blork the orc

Illustrated notes

Levels and vault maps discovered:
D:1:      dpeg_arrival_solitude, layout_basic, serial_park_tiny_pond,
          serial_park_tiny_2
D:2:      layout_loops_ring, hangedman_decor_diamond_cutter,
          kennysheep_generic_room_8
D:3:      layout_rooms, nrook_campfire
D:4:      layout_cave_pods, uniq_blork_the_orc, uniq_duvessa

Skill      XL: |  1  2  3  4  5 |
---------------+----------------+-----
Short Blades   | 3 |  3.9
Dodging        | 3 4 |  4.0
Fighting       | 3 |  3.0
Shields        | 1 |  1.6
Conjurations   | 1 |  1.2
Throwing       | |  1.0
Armour         | |  1.1
Spellcasting   | |  2.0
Translocations | |  2.4

Action                   |  1- 3 |  4- 6 || total
-------------------------+-------+-------++-------
Melee: Short sword       |   108 |    19 ||   127
       Kick              |    28 |    13 ||    41
       Peck              |    11 |     9 ||    20
       Whip              |       |    47 ||    47
Throw: Boomerang         |       |     3 ||     3
       Throwing net      |       |     2 ||     2
  Use: Scroll            |       |     8 ||     8
       Potion            |       |     2 ||     2
 Stab: Sleeping          |     1 |       ||     1
Armor: Ring mail         |    23 |    19 ||    42
       Leather armour    |     2 |       ||     2
Dodge: Dodged            |    46 |    44 ||    90
Block: Buckler           |       |     1 ||     1
